 Dungeon Crawl Stone Soup version 0.19-a0-1767-gb375097 (webtiles) character file.

527 Mirvelgyr the Cleaver (level 7, 0/57 HPs)
             Began as a Minotaur Berserker on Oct 2, 2016.
             Was a Believer of Trog.
             Succumbed to an orc wizard's poison
             ... on level 4 of the Dungeon.
             The game lasted 00:08:37 (3118 turns).

Mirvelgyr the Cleaver (Minotaur Berserker)          Turns: 3118, Time: 00:08:37

Health: 0/57       AC:  8    Str: 23    XL:     7   Next: 3%
Magic:  15/15      EV:  8    Int:  4    God:    Trog [**....]
Gold:   113        SH:  0    Dex: 10    Spells: 0 memorised, 6 levels left

rFire  . . .     SeeInvis .     a - +0 hand axe
rCold  . . .     Gourm    .     j - +0 chain mail
rNeg   . . .     Faith    .     (no shield)
rPois  .         Spirit   .     (helmet restricted)
rElec  .         Dismiss  .     (no cloak)
rCorr  .         Reflect  .     (no gloves)
MR     .....     Harm     .     (no boots)
Stlth  ..........               (no amulet)
                                (no ring)
                                k - ring of magical power

@: lethally poisoned (0 -> -57), exhausted, starving, slowed, drained, very slow
A: retaliatory headbutt, horns 2
a: Berserk, Trog's Hand, Burn Spellbooks, Renounce Religion


You were on level 4 of the Dungeon.
You worshipped Trog.
Trog was pleased with you.
You were starving.

You visited 1 branch of the dungeon, and saw 4 of its levels.

You collected 113 gold pieces.

Inventory:

Hand Weapons
 a - a +0 hand axe (weapon)
Armour
 j - a +0 chain mail (worn)
Jewellery
 k - a ring of magical power (left hand)
 n - an uncursed ring of magical power
Scrolls
 f - a scroll of immolation {unknown}
 g - 4 scrolls of identify
 h - 2 scrolls of remove curse
 i - a scroll of enchant weapon {unknown}
 l - 2 scrolls of fear {unknown}
 o - a scroll of random uselessness {unknown}
Potions
 d - 2 potions of curing
 e - 2 potions of agility {unknown}
Comestibles
 b - 11 chunks of flesh
 c - 5 bread rations
 m - a meat ration


   Skills:
 - Level 3.6(2.7) Fighting
 + Level 9.6(8.6) Axes
 - Level 2.4(1.5) Armour
 - Level 2.1(1.3) Dodging


You had 6 spell levels left.
You didn't know any spells.

Dungeon Overview and Level Annotations

Branches:
Dungeon (4/15)
 Temple: D:4-7

Altars:
Cheibriados
Nemelex Xobeh
Sif Muna


Innate Abilities, Weirdness & Mutations

You reflexively headbutt those who attack you in melee.
You have a pair of horns on your head.


Message History

A puff of flame appears from out of thin air!
The puff of flame misses you. Something hits you.
* * * LOW HITPOINT WARNING * * *
You are more poisoned.
You miss something.
* * * LOW HITPOINT WARNING * * *
You feel very sick. Something hits you.
* * * LOW HITPOINT WARNING * * *
You are more poisoned.
You're too exhausted to go berserk.
You are starving!
You miss something.
* * * LOW HITPOINT WARNING * * *
You feel very sick. Something hits you but does no damage.
You are more poisoned.
You're too hungry.
You miss something.
You die...

#.#.####
##?......... #.#.#
.........# ..#.#
#........# .##.# #.
#........# .##.#
#.##..).....# ....##
#.#.........# .##..#
#.#...).##.## .##..#
#.#....{##^# .....#
#.##...)@..#
####.####.##.#######
.............#
#####.###.########
........#.........
.#####..#.########
#..#...# #..#.#.#
##.#.#.####


There were no monsters in sight!

Vanquished Creatures
  Sigmund (D:4)
  2 ogres (D:4)
  A howler monkey (D:3)
  6 adders
  An ooze (D:3)
  8 worms
  A dart slug (D:2)
  4 leopard geckos
  3 orcs
  A ball python (D:3)
  6 giant cockroaches
  4 goblins
  6 hobgoblins
  8 jackals
  14 kobolds
  A quokka (D:2)
  6 bats
  6 frilled lizards
  8 rats
87 creatures vanquished.

Notes
Turn   | Place    | Note
-------+----------+-------------------------------------------
     0 | D:1      | Mirvelgyr the Minotaur Berserker began the quest for the Orb.
     0 | D:1      | Reached XP level 1. HP: 19/19 MP: 0/0
   122 | D:1      | Reached skill level 4 in Axes
   156 | D:1      | Reached XP level 2. HP: 8/26 MP: 1/1
  1323 | D:1      | Reached skill level 5 in Axes
  1413 | D:1      | Reached ** piety under Trog
  1461 | D:2      | Reached XP level 3. HP: 30/31 MP: 2/2
  1676 | D:2      | Reached XP level 4. HP: 30/39 MP: 3/3
  1716 | D:2      | Reached skill level 6 in Axes
  1767 | D:2      | Found a sparkling altar of Nemelex Xobeh.
  2086 | D:2      | Found a snail-covered altar of Cheibriados.
  2387 | D:3      | Reached XP level 5. HP: 40/45 MP: 4/4
  2402 | D:3      | Reached skill level 7 in Axes
  2819 | D:3      | Found a deep blue altar of Sif Muna.
  2987 | D:4      | Noticed an ogre
  2992 | D:4      | Killed an ogre
  2992 | D:4      | Reached skill level 8 in Axes
  2992 | D:4      | Reached XP level 6. HP: 51/51 MP: 5/5
  3079 | D:4      | Noticed Sigmund
  3088 | D:4      | Killed Sigmund
  3088 | D:4      | Reached skill level 9 in Axes
  3091 | D:4      | Reached XP level 7. HP: 57/57 MP: 6/6
  3118 | D:4      | Succumbed to an orc wizard's poison

Vault maps used:
D:1:      dpeg_arrival_connections
D:2:      lemuel_doored_altar, marbit_many_paths, first_bread
D:3:      overflow_temple_1_default, grunt_ministairs_1
D:4:      minmay_cupped, uniq_sigmund, uniq_menkaure, uniq_crazy_yiuf_cottage

Skill      XL: |  1  2  3  4  5  6 |
---------------+-------------------+-----
Axes           | 4 5 6 8 9 |  9.6
Fighting       | |  3.6
Armour         | |  2.4
Dodging        | |  2.1

Action                   |  1- 3 |  4- 6 |  7- 9 || total
-------------------------+-------+-------+-------++-------
Melee: Hand axe          |   119 |   108 |    15 ||   242
       Headbutt          |     7 |    16 |     3 ||    26
Invok: Berserk           |     3 |     3 |       ||     6
       Trog's Hand       |     1 |     4 |     1 ||     6
  Use: Scroll            |     4 |       |       ||     4
  Eat: Chunk             |     6 |     7 |       ||    13
Armor: Animal skin       |     8 |       |       ||     8
       Chain mail        |    37 |    39 |     9 ||    85
Dodge: Dodged            |    56 |    40 |     3 ||    99
